 Dungeon Crawl Stone Soup version 0.20-a0-899-g09a9bfb (webtiles) character file.

87 4thArraOfDagon the Bolt Thrower (level 4, -2/33 HPs)
             Began as a Demonspawn Hunter on Mar 18, 2017.
             Slain by a centaur (3 damage)
             ... on level 3 of the Dungeon.
             The game lasted 00:03:00 (503 turns).

4thArraOfDagon the Bolt Thrower (Demonspawn Hunter)  Turns: 503, Time: 00:03:00

Health: -2/33      AC: 12    Str: 17    XL:     4   Next: 28%
Magic:  4/4        EV:  5    Int: 13    God:
Gold:   19         SH:  0    Dex: 14    Spells: 3/3 levels left

rFire    . . .     SeeInvis .   a - +1 hand crossbow
rCold    . . .     Gourm    .   k - +0 plate armour
rNeg     . . .     Faith    .   (no shield)
rPois    .         Spirit   .   (helmet restricted)
rElec    .         Reflect  .   (no cloak)
rCorr    .         Harm     .   (no gloves)
MR       .....                  (no boots)
Stlth    ..........             (no amulet)
Regen    0.2/turn               (no ring)
MPRegen  0.1/turn               (no ring)

@: mighty
A: horns 1, iridescent scales 1
a: no special abilities


You were on level 3 of the Dungeon.
You were not hungry.

You visited 1 branch of the dungeon, and saw 4 of its levels.

You collected 19 gold pieces.

Inventory:

Hand Weapons
 a - a +1 hand crossbow (weapon)
 b - a +0 short sword
 l - a +0 war axe
Missiles
 d - 9 bolts (quivered)
Armour
 c - a +0 leather armour
 k - a +0 plate armour (worn)
Scrolls
 h - a scroll of teleportation {unknown}
 i - a scroll of magic mapping {unknown}
 m - a scroll of remove curse {unknown}
Comestibles
 f - a bread ration
 g - a meat ration


   Skills:
 - Level 2.0 Fighting
 * Level 5.3 Crossbows
 - Level 1.7 Dodging
 - Level 0.8 Stealth


You had 3 spell levels left.
You didn't know any spells.

Dungeon Overview and Level Annotations

Branches:
Dungeon (4/15)
 Temple: D:4-7

Altars:
Wu Jian


Innate Abilities, Weirdness & Mutations

You have a pair of small horns on your head.
You are partially covered in iridescent scales. (AC +2)


Message History

Unknown command.
It was a potion of might.
You feel very mighty all of a sudden. The centaur hits you.
* * * LOW HITPOINT WARNING * * *
Unknown command.
Firing (i - inventory):
d - 11 bolts (quivered)
Press: ? - help, Shift-Dir - straight line, f - centaur
Aim: a centaur You shoot a bolt.
The bolt barely misses the centaur.
The centaur hits you but does no damage. x2
Unknown command.
Firing (i - inventory):
d - 10 bolts (quivered)
Press: ? - help, Shift-Dir - straight line, f/p - centaur
Aim: a centaur You shoot a bolt.
The bolt hits the centaur but does no damage.
The centaur hits you but does no damage.
The centaur hits you.
You die...

####### #...c.#
.###@# #.#...#
#.#.#####
#########.#.....#
#...........###.#
####.#....#.##.###
...#.............#
...#......#.##.###
##....#...#.##.#


You could see a centaur.

Vanquished Creatures
  4 gnolls (D:3)
  2 adders
  2 dart slugs
  2 leopard geckos
  4 orcs (D:3)
  2 goblins
  A hobgoblin (D:3)
  2 kobolds (D:3)
  3 bats
  A frilled lizard (D:3)
  A rat (D:1)
24 creatures vanquished.

Notes
Turn   | Place    | Note
-------+----------+-------------------------------------------
     0 | D:1      | 4thArraOfDagon the Demonspawn Hunter began the quest for the Orb.
     0 | D:1      | Reached XP level 1. HP: 16/16 MP: 1/1
   102 | D:2      | Reached skill level 4 in Crossbows
   102 | D:2      | Gained mutation: You are partially covered in iridescent scales. (AC +2) [demonic ancestry]
   102 | D:2      | Reached XP level 2. HP: 18/22 MP: 2/2
   171 | D:3      | Gained mutation: You have a pair of small horns on your head. [demonic ancestry]
   171 | D:3      | Reached XP level 3. HP: 27/27 MP: 3/3
   306 | D:3      | Found an ornate altar of the Wu Jian Council.
   410 | D:3      | Reached skill level 5 in Crossbows
   421 | D:3      | Reached XP level 4. HP: 17/33 MP: 4/4
   441 | D:3      | HP: 1/33 [gnoll (3)]
   499 | D:3      | Noticed a centaur
   501 | D:3      | HP: 1/33 [centaur (2)]
   503 | D:3      | Slain by a centaur

Vault maps used:
D:1:      sevenhm_arrival_forest_fort_large_2, serial_forest,
          infiniplex_forest_end_3, infiniplex_forest_lined_2,
          infiniplex_forest_lined_2, infiniplex_forest_clump_curved,
          infiniplex_forest_lined_room_3, infiniplex_forest_clump_large,
          minmay_rat_gold_closets
D:3:      overflow_temple_1_default
D:4:      st_stairs_6, minmay_bisected

Skill      XL: |  1  2  3 |
---------------+----------+-----
Crossbows      | 4 5 |  5.3
Fighting       | |  2.0
Dodging        | |  1.7
Stealth        | |  0.8

Action                   |  1- 3 |  4- 6 || total
-------------------------+-------+-------++-------
Melee: War axe           |       |     7 ||     7
       Headbutt          |       |     1 ||     1
 Fire: Hand crossbow     |    53 |    17 ||    70
  Use: Potion            |       |     4 ||     4
Armor: Leather armour    |     1 |       ||     1
       Plate armour      |    10 |    20 ||    30
Dodge: Dodged            |     7 |     2 ||     9
